 Dungeon Crawl Stone Soup version 0.21.0-3-g78d12a8 (webtiles) character file.

7500 theanonym the Zephyrmancer (level 11, -1/102 HPs)
             Began as a Tengu Air Elementalist on Jan 10, 2018.
             Was a Believer of Vehumet.
             Slain by a yak (6 damage)
             ... on level 10 of the Dungeon.
             The game lasted 00:42:29 (14113 turns).

theanonym the Zephyrmancer (TeAE)                  Turns: 14113, Time: 00:42:29

Health: -1/102     AC: 25    Str: 12 (13) XL:     11   Next: 16%
Magic:  13/19      EV:  2    Int: 17 (19) God:    Vehumet [**....]
Gold:   518        SH:  0    Dex: 13 (14) Spells: 2/20 levels left

rFire    . . .     SeeInvis .   y - +7 short sword of Ozeov {pain, rElec Str+4}
rCold    . . .     Gourm    +   (no shield)
rNeg     + + +     Faith    .   (armour currently unavailable)
rPois    +         Spirit   .   (helmet currently unavailable)
rElec    +         Reflect  .   (cloak currently unavailable)
rCorr    .         Harm     .   (gloves currently unavailable)
MR       .....     NoTele   +   (boots unavailable)
Stlth    ++........             g - amulet of the gourmand {Gourm}
HPRegen  0.27/turn              (no ring)
MPRegen  0.16/turn              (no ring)

@: tree-form, petrifying (expiring), very slow
A: able to fly 1
a: Fly, Renounce Religion


Innate Abilities, Weirdness & Mutations

((You have a beak for a mouth.))
((You have claws for feet.))
You can fly.


   Skills:
 + Level 7.9 Fighting
 - Level 5.2 Armour
 + Level 9.1 Dodging
 - Level 2.0 Stealth
 - Level 5.0 Spellcasting
 - Level 10.0 Conjurations
 - Level 10.0 Air Magic


You had 2 spell levels left.
You knew the following spells:

 Your Spells              Type           Power        Failure   Level  Hunger
a - Shock                 Conj/Air       ####         1%          1    None
b - Static Discharge      Conj/Air       #####...     1%          3    ###....
c - Conjure Flame         Conj/Fire      ###.....     5%          3    ###....
d - Lightning Bolt        Conj/Air       #####.....   6%          5    ######.
e - Airstrike             Air            #####.....   2%          4    ####...
g - Blink                 Tloc           N/A          22%         2    #......

Skill      XL: |  1  2  3  4  5  6  7  8  9 10 11 |
---------------+----------------------------------+-----
Conjurations   | 2 3 4 5 6 7 9 10 | 10.0
Spellcasting   | 3 4 5 |  5.0
Air Magic      | 5 7 9 10 | 10.0
Fighting       | 4 7 |  7.9
Dodging        | 5 8 9 |  9.1
Armour         | 4 5 |  5.2
Stealth        | |  2.0

Action                   |  1- 3 |  4- 6 |  7- 9 | 10-12 || total
-------------------------+-------+-------+-------+-------++-------
Melee: Dagger            |    21 |    21 |       |       ||    42
       Kick              |     5 |     3 |    20 |    21 ||    49
       Peck              |     2 |     4 |     8 |    21 ||    35
       Whip              |       |       |     3 |       ||     3
       Short sword       |       |       |    65 |    88 ||   153
Throw: Throwing net      |       |       |     2 |     5 ||     7
 Cast: Shock             |    64 |    82 |   162 |    45 ||   353
       Static Discharge  |       |     5 |    11 |    11 ||    27
       Lightning Bolt    |       |       |    17 |    19 ||    36
       Airstrike         |       |       |    15 |    11 ||    26
 Abil: Fly               |       |     3 |     9 |    11 ||    23
Evoke: Wand              |       |     5 |     9 |     1 ||    15
  Use: Scroll            |       |     5 |    12 |     1 ||    18
       Potion            |       |       |     4 |     7 ||    11
 Stab: Sleeping          |     1 |       |     1 |     1 ||     3
       Invisible         |       |       |     1 |       ||     1
       Distracted        |       |       |       |     1 ||     1
       Held in net/web   |       |       |       |     1 ||     1
       Paralysed         |       |       |       |     5 ||     5
  Eat: Chunk             |     3 |     7 |    17 |     9 ||    36
       Ration            |       |       |     3 |     5 ||     8
Armor: Robe              |     7 |     6 |     2 |       ||    15
       Leather armour    |       |       |    15 |       ||    15
       Ring mail         |       |       |     8 |    26 ||    34
       Skin              |       |       |       |    69 ||    69
Dodge: Dodged            |    28 |    14 |    53 |   116 ||   211

Inventory:

Hand Weapons
 y - the +7 short sword of Ozeov (weapon) {pain, rElec Str+4}
   (You found it on level 5 of the Dungeon)

   In the hands of one skilled in necromantic magic, it inflicts extra damage on
   living creatures.
   It affects your strength (+4).
   It insulates you from electricity.
Armour
 a - a cursed +0 ring mail (melded) {7}
   (You found it on level 4 of the Dungeon)
 v - a +0 cloak (melded)
   (You found it on level 3 of the Dungeon)
 D - a +0 leather armour {4}
   (You found it on level 6 of the Dungeon)
 F - a +0 pair of gloves (melded)
   (You found it on level 6 of the Dungeon)
Jewellery
 g - an amulet of the gourmand (around neck) {Gourm}
   (You found it on level 9 of the Dungeon)
 u - an uncursed ring of protection from fire {unknown}
   (You found it on level 10 of the Dungeon)
Wands
 d - a wand of digging (8)
   (You found it on level 5 of the Dungeon)
 h - a wand of flame (29)
   (You took it off a big kobold on level 9 of the Dungeon)
 p - a wand of paralysis (22)
   (You found it on level 10 of the Dungeon)
Scrolls
 c - 2 scrolls of enchant weapon
 k - 3 scrolls of remove curse
 m - 3 scrolls of amnesia
 A - 5 scrolls of immolation
Potions
 f - a potion of magic
 i - a potion of degeneration
 t - a potion of agility {unknown}
 w - 4 potions of curing
 C - 3 potions of ambrosia
Books
 b - a book of Air
 r - a book of Necromancy
   (You found it on level 10 of the Dungeon)
 s - a book of Minor Magic
   (You found it on level 3 of the Dungeon)
 z - a book of Misfortune
   (You found it on level 4 of the Dungeon)
Miscellaneous
 l - a lightning rod (4/4)
   (You found it on level 9 of the Dungeon)
 n - a phial of floods
   (You found it on level 9 of the Dungeon)
Comestibles
 e - 9 rations


You were on level 10 of the Dungeon.
You worshipped Vehumet.
Vehumet was pleased with you.
You were not hungry.
You were a tree.
You visited 2 branches of the dungeon, and saw 12 of its levels.

You collected 518 gold pieces.

Dungeon Overview and Level Annotations

Branches:
Dungeon (11/15)            Temple (1/1) D:4             Orc (0/2) D:9
   Lair: D:8-11

Altars:
Ashenzari
Cheibriados
Dithmenos
Fedhas
Gozag
Kikubaaqudgha
Makhleb
Nemelex Xobeh
Okawaru
Qazlal
Ru
Sif Muna
Uskayaw
Vehumet
Wu Jian
Xom
Yredelemnul
The Shining One

Annotations:
D:3 exclusion: orc priest
D:10 Erica, Nergalle

..##.#####
.....>...#
.###.....# .# .#
#.###.#########.#
.#
#.............#.#
.#
#.###.#####.#.#.##
.# ###
#######.#....#####
..
#........Y.......
.#
######.Y♣9....##
#.YYl.(..[##.
#..Y.........
#.....)...###
#............
#........###.#
#...#...## #
#.$.##### #...


You could see 5 yaks, a basilisk and a gargoyle.

Notes
Turn   | Place    | Note
-------+----------+-------------------------------------------
     0 | D:1      | theanonym the Tengu Air Elementalist began the quest for the Orb.
     0 | D:1      | Reached XP level 1. HP: 10/10 MP: 4/4
   211 | D:1      | Reached skill level 2 in Conjurations
   256 | D:1      | Reached XP level 2. HP: 15/15 MP: 1/6
   835 | D:1      | Reached XP level 3. HP: 19/19 MP: 0/7
   889 | D:1      | Reached skill level 3 in Conjurations
  1194 | D:2      | Learned a level 3 spell: Static Discharge
  1620 | D:2      | Found a glowing golden altar of the Shining One.
  1621 | D:2      | Found a hide-covered altar of Uskayaw.
  1681 | D:2      | Found a snail-covered altar of Cheibriados.
  1756 | D:2      | Reached XP level 4. HP: 24/24 MP: 5/8
  1820 | D:2      | Found a stormy altar of Qazlal.
  1827 | D:2      | Learned a level 4 spell: Airstrike
  1989 | D:2      | Reached skill level 4 in Conjurations
  2280 | D:3      | HP: 12/24 [adder (2)]
  2285 | D:3      | HP: 11/24 [poisoned by an adder]
  2507 | D:3      | Noticed a bullfrog
  2512 | D:3      | Killed a bullfrog
  2512 | D:3      | Reached skill level 3 in Spellcasting
  2512 | D:3      | Reached skill level 5 in Air Magic
  2512 | D:3      | Gained mutation: You can fly. [Tengu growth]
  2512 | D:3      | Reached XP level 5. HP: 28/28 MP: 1/10
  3179 | D:3      | Reached skill level 5 in Conjurations
  3186 | D:3      | Reached XP level 6. HP: 25/32 MP: 6/12
  3257 | D:3      | Found a faded altar of an unknown god.
  3471 | D:4      | Noticed a slave
  3499 | D:4      | HP: 13/32 [slave[Pikel] (4)]
  3500 | D:4      | Killed a slave
  3757 | D:4      | Noticed Pikel
  3761 | D:4      | Killed Pikel
  3761 | D:4      | Reached skill level 4 in Spellcasting
  3761 | D:4      | Reached skill level 6 in Conjurations
  3761 | D:4      | Reached skill level 7 in Air Magic
  3761 | D:4      | Reached XP level 7. HP: 36/36 MP: 9/14
  3769 | D:4      | Learned a level 5 spell: Lightning Bolt
  3961 | D:4      | Found a staircase to the Ecumenical Temple.
  3974 | Temple   | Entered the Ecumenical Temple
  4030 | Temple   | Became a worshipper of Vehumet
  4220 | D:4      | Found a blossoming altar of Fedhas.
  4268 | D:4      | Noticed Natasha
  4269 | D:4      | Killed Natasha
  4269 | D:4      | Reached skill level 7 in Conjurations
  4408 | D:4      | Reached XP level 8. HP: 32/41 MP: 5/15
  4562 | D:4      | Noticed Robin
  4568 | D:4      | Killed Robin
  4692 | D:4      | Noticed Natasha
  4702 | D:4      | Killed Natasha
  4976 | D:5      | Entered Level 5 of the Dungeon
  4995 | D:4      | Noticed Natasha
  5001 | D:4      | Killed Natasha
  5126 | D:5      | Reached skill level 8 in Air Magic
  5272 | D:5      | Reached skill level 8 in Conjurations
  5279 | D:5      | Got a jewelled short sword
  5280 | D:5      | Identified the +7 short sword of Ozeov {pain, rElec Str+4} (You found it on level 5 of the Dungeon)
  5465 | D:5      | Learned a level 2 spell: Blink
  5657 | D:5      | Found an iron altar of Okawaru.
  6211 | D:6      | Reached skill level 9 in Air Magic
  6401 | D:6      | Reached skill level 9 in Conjurations
  6402 | D:6      | Reached * piety under Vehumet
  6402 | D:6      | Offered knowledge of Freeze by Vehumet.
  6411 | D:6      | Found a radiant altar of Vehumet.
  6645 | D:6      | Reached XP level 9. HP: 40/45 MP: 8/16
  6853 | D:6      | Noticed Dowan
  6868 | D:6      | Noticed Duvessa
  6870 | D:6      | Killed Dowan
  6870 | D:6      | Reached skill level 10 in Air Magic
  6905 | D:6      | Killed Duvessa
  7025 | D:6      | Reached skill level 1 in Fighting
  7025 | D:6      | Reached skill level 10 in Conjurations
  7446 | D:6      | Found a sacrificial altar of Ru.
  7798 | D:7      | Reached ** piety under Vehumet
  7798 | D:7      | Offered knowledge of Searing Ray by Vehumet.
  7798 | D:7      | Reached skill level 3 in Dodging
  7798 | D:7      | Reached skill level 5 in Spellcasting
  7934 | D:7      | HP: 22/47 [centaur/arrow (12)]
  7936 | D:7      | Reached skill level 1 in Armour
  8121 | D:7      | Reached skill level 2 in Fighting
  8208 | D:7      | Learned a level 3 spell: Conjure Flame
  8401 | D:6      | Reached skill level 2 in Armour
  8885 | D:7      | Reached skill level 4 in Dodging
  9214 | D:8      | Reached skill level 3 in Fighting
  9327 | D:8      | Reached skill level 3 in Armour
  9570 | D:8      | Noticed a two-headed ogre
  9808 | D:8      | Reached skill level 4 in Fighting
  9808 | D:8      | Reached skill level 4 in Armour
  9808 | D:8      | Reached skill level 5 in Dodging
  9967 | D:8      | Reached XP level 10. HP: 56/56 MP: 8/18
  9992 | D:8      | Found a shadowy altar of Dithmenos.
 10452 | D:8      | Killed a two-headed ogre
 10452 | D:8      | Reached skill level 5 in Fighting
 10452 | D:8      | Reached skill level 5 in Armour
 10452 | D:8      | Reached skill level 6 in Dodging
 10466 | D:8      | Noticed a gargoyle
 10470 | D:8      | HP: 29/59 [wight/battleaxe (11)]
 10829 | D:8      | HP: 23/59 [gargoyle/morningstar (25)]
 10831 | D:8      | HP: 6/59 [gargoyle/stone arrow (18)]
 10832 | D:8      | Killed a gargoyle
 11224 | D:9      | Noticed a two-headed ogre
 11528 | D:9      | Offered knowledge of Throw Flame by Vehumet.
 11677 | D:9      | Found a staircase to the Orcish Mines.
 11815 | D:9      | Killed a two-headed ogre
 11815 | D:9      | Reached skill level 6 in Fighting
 11815 | D:9      | Reached skill level 7 in Dodging
 12201 | D:9      | Reached *** piety under Vehumet
 13211 | D:10     | Entered Level 10 of the Dungeon
 13320 | D:10     | Reached skill level 8 in Dodging
 13393 | D:10     | Noticed Erolcha
 13402 | D:10     | Paralysed by Erolcha for 4 turns
 13404 | D:10     | HP: 24/61 [Erolcha/giant spiked club (17)]
 13407 | D:10     | Killed Erolcha
 13407 | D:10     | Reached skill level 7 in Fighting
 13407 | D:10     | Reached XP level 11. HP: 27/67 MP: 6/19
 13411 | D:10     | Found a burning altar of Makhleb.
 13423 | D:10     | Noticed Erica
 13667 | D:10     | Noticed Nergalle
 13842 | D:10     | Noticed a spectral orc warlord
 13845 | D:10     | HP: 30/68 [spectral orc knight/glaive of distortion[Nergalle] (14)]
 14075 | D:10     | Noticed Sonja
 14087 | D:10     | Killed Sonja
 14087 | D:10     | Reached skill level 9 in Dodging
 14096 | D:10     | HP: 51/102 [yak (1)]
 14100 | D:10     | HP: 25/102 [gargoyle/stone arrow (4)]
 14106 | D:10     | HP: 43/102 [yak (2)]
 14111 | D:10     | HP: 29/102 [gargoyle/stone arrow (1)]
 14113 | D:10     | HP: 11/102 [yak (5)]
 14113 | D:10     | HP: 5/102 [yak (6)]
 14113 | D:10     | Slain by a yak

Vanquished Creatures
  Erolcha (D:10)
  2 two-headed ogres
  Sonja (D:10)
  Pikel (D:4)
  A gargoyle (D:8)
  2 hippogriffs
  Duvessa (D:6)
  3 orc warriors
  An ice beast (D:6)
  A slave (D:4)
  2 sky beasts
  2 black bears
  2 phantoms
  An eye of draining (D:8)
  A necrophage (D:8)
  4 centaurs
  5 ogres
  3 big kobolds
  A bullfrog (D:3)
  A wyvern skeleton (D:8)
  Dowan (D:6)
  3 scorpions
  3 wights
  4 killer bees (D:8)
  A howler monkey (D:5)
  3 crimson imps
  A bullfrog zombie (D:8)
  An orc priest (D:9)
  2 jellies
  13 orc wizards
  Natasha (thrice) (D:4)
  An iguana (D:6)
  4 worker ants
  Robin (D:4)
  4 gnolls (D:6)
  8 adders
  3 shadow imps
  4 oozes
  An adder skeleton (D:8)
  A worm (D:2)
  2 dart slugs
  3 leopard geckos
  31 orcs
  A ball python (D:3)
  8 bats
  3 giant cockroaches
  12 goblins
  8 hobgoblins
  30 kobolds
  A quokka (D:5)
  A ball python skeleton (D:4)
  6 frilled lizards
  A leopard gecko skeleton (D:6)
  A quokka skeleton (D:5)
  11 rats
217 creatures vanquished.

Vanquished Creatures (others)
  An orc (D:4)
1 creature vanquished.

Grand Total: 218 creatures vanquished

Table legend:
 A = Turns spent in this place as a percentage of turns spent in the entire game.
 B = Non-inter-level travel turns spent in this place as a percentage of non-inter-level travel turns spent in the entire game.
 C = Inter-level travel turns spent in this place as a percentage of turns spent in this place.
 D = Turns resting spent in this place as a percentage of non-inter-level travel turns spent in this place.
 E = Turns spent auto-exploring this place as a percentage of non-inter-level travel turns spent in this place.
 F = Non-inter-level travel turns spent in this place divided by the number of levels of this place that you've seen.
                   A       B       C       D       E      F
               +-------+-------+-------+-------+-------+----------------------
         Total | 100.0 | 100.0 |   5.1 |  36.1 |  49.9 | 1116.0
       Dungeon |  99.4 |  99.6 |   4.9 |  36.2 |  49.7 | 1212.9
        Temple |   0.6 |   0.4 |  40.5 |   0.0 |  88.0 |  50.0
               +-------+-------+-------+-------+-------+----------------------
